 Dungeon Sprint DCSS version 0.21.1-1-g345015f (webtiles) character file.

314 wilfster70 the Carver (level 6, -8/53 HPs)
             Began as a Demonspawn Berserker on June 21, 2018.
             Was a Believer of Trog.
             Mangled by a slime creature (11 damage)
             ... in the Dungeon (Sprint I: "Red Sonja").
             The game lasted 00:01:05 (208 turns).

wilfster70 the Carver (Demonspawn Berserker)         Turns: 208, Time: 00:01:05

Health: -8/53      AC: 10    Str: 18    XL:     6   Next: 19%
Magic:  6/6        EV: 10    Int:  8    God:    Trog [**....]
Gold:   162        SH:  4    Dex: 14    Spells: 5/5 levels left

rFire    . . .     SeeInvis .   a - +0 falchion
rCold    . . .     Gourm    .   (no shield)
rNeg     . . .     Faith    .   k - +0 chain mail (curse)
rPois    .         Spirit   .   (no helmet)
rElec    .         Reflect  .   (no cloak)
rCorr    .         Harm     .   (no gloves)
MR       .....     NoTele   +   (no boots)
Stlth    ..........             (no amulet)
HPRegen  0.17/turn              (no ring)
MPRegen  0.10/turn              (no ring)

@: berserk cooldown, slowed, very slow
A: claws 2, large bone plates 1, nightstalker 2
a: Berserk, Trog's Hand, Burn Spellbooks, Renounce Religion


You were in the Dungeon.
You worshipped Trog.
Trog was pleased with you.
You were not hungry.

You visited 1 branch You collected 162 gold pieces.

Inventory:

Hand Weapons
 a - a +0 falchion (weapon)
Armour
 k - a cursed +0 chain mail (worn)
Scrolls
 i - a scroll of blinking
Potions
 d - a potion of curing
 e - a potion of heal wounds
 f - a potion of haste
 g - 2 potions of magic
 h - a potion of berserk rage
Comestibles
 c - a ration


   Skills:
 + Level 6.5 Fighting
 * Level 8.1 Long Blades
 + Level 5.6 Armour
 + Level 5.6 Dodging


You had 5 spell levels left.
You didn't know any spells.

Dungeon Overview and Level Annotations

Branches:
Dungeon (1/1)

Altars:
Makhleb
Sif Muna
Vehumet
Wu Jian
Xom
Jiyva
Lugonu


Innate Abilities, Weirdness & Mutations

You have very sharp fingernails.
You are partially covered in large bone plates. (SH +4)
You are significantly more attuned to the shadows.


Message History

The slime creature is heavily wounded.
The slime creature barely misses you.
You hit the slime creature but do no damage.
The slime creature is heavily wounded.
The slime creature hits you but does no damage.
The slime creature hits you!
You hit the slime creature.
The slime creature is heavily wounded.
The slime creature hits you.
You hit the slime creature.
The slime creature is heavily wounded.
The slime creature hits you.
* * * LOW HITPOINT WARNING * * *
All of the chunks of flesh in your inventory have rotted away.
You hit the slime creature.
The slime creature is heavily wounded.
The slime creature hits you!
* * * LOW HITPOINT WARNING * * *
The slime creature hits you!
You die...

################ ##
#<.#..)..#..'..#__#
#..'[.#..').#.@J..+
#..#####'#####'#__#
#..# #..# #(# ##
#..# #### #!# #..#
_.+ #⌠⌠# .._# ####
_.#+# ##+


You could see a slime creature.

Vanquished Creatures
  Sigmund (D)
  An ogre (D)
  A jelly (D)
  Ijyb (D)
4 creatures vanquished.

Notes
Turn   | Place    | Note
-------+----------+-------------------------------------------
     0 | D        | wilfster70 the Demonspawn Berserker began the quest for the Orb.
     0 | D        | Reached XP level 1. HP: 18/18 MP: 1/1
     1 | D        | Noticed Ijyb
     8 | D        | Killed Ijyb
     8 | D        | Reached skill level 4 in Long Blades
     8 | D        | Gained mutation: You are slightly more attuned to the shadows. [demonic ancestry]
     8 | D        | Reached XP level 2. HP: 25/25 MP: 2/2
    41 | D        | Noticed an ogre
    46 | D        | Killed an ogre
    46 | D        | Reached skill level 5 in Fighting
    46 | D        | Reached skill level 5 in Long Blades
    46 | D        | Gained mutation: You are partially covered in large bone plates. (SH +4) [demonic ancestry]
    46 | D        | Reached XP level 3. HP: 28/33 MP: 3/3
    46 | D        | Gained mutation: You have sharp fingernails. [demonic ancestry]
    46 | D        | Reached XP level 4. HP: 33/39 MP: 4/4
   163 | D        | Noticed Sigmund
   174 | D        | Killed Sigmund
   174 | D        | Reached ** piety under Trog
   174 | D        | Reached skill level 7 in Long Blades
   174 | D        | Reached skill level 5 in Armour
   174 | D        | Reached skill level 5 in Dodging
   174 | D        | Gained mutation: You are significantly more attuned to the shadows. [demonic ancestry]
   174 | D        | Reached XP level 5. HP: 47/47 MP: 5/5
   174 | D        | Gained mutation: You have very sharp fingernails. [demonic ancestry]
   174 | D        | Reached XP level 6. HP: 53/53 MP: 6/6
   190 | D        | Found a deep blue altar of Sif Muna.
   191 | D        | Found an ornate altar of the Wu Jian Council.
   192 | D        | Found a radiant altar of Vehumet.
   195 | D        | Found a burning altar of Makhleb.
   195 | D        | Found a viscous altar of Jiyva.
   195 | D        | Found a shimmering altar of Xom.
   195 | D        | Found a corrupted altar of Lugonu.
   195 | D        | Noticed a slime creature
   200 | D        | Reached skill level 8 in Long Blades
   208 | D        | Mangled by a slime creature

Skill      XL: |  1  2  3  4  5  6 |
---------------+-------------------+-----
Long Blades    | 4 5 7 8 |  8.1
Armour         | 2 4 5 |  5.6
Dodging        | 2 4 5 |  5.6
Fighting       | 5 6 |  6.5

Action                   |  1- 3 |  4- 6 || total
-------------------------+-------+-------++-------
Melee: Falchion          |     9 |    22 ||    31
Invok: Berserk           |     2 |     1 ||     3
  Eat: Chunk             |       |     1 ||     1
Armor: Chain mail        |       |     8 ||     8
Dodge: Dodged            |     5 |    10 ||    15
Block: Other             |       |     2 ||     2
       Rpst.: Falchion   |     3 |     1 ||     4
